 Dungeon Crawl Stone Soup version 0.24.0-123-gd5b16e6ec5 (webtiles) character file.

Game seed: 15158951735024410332, levelgen mode: deterministic

42 eccles the Skirmisher (level 3, -1/29 HPs)
             Began as a Demonspawn Abyssal Knight on Feb 7, 2020.
             Was an Initiate of Lugonu.
             Slain by a hound (4 damage)
             ... on level 2 of the Dungeon.
             The game lasted 00:06:32 (1656 turns).

eccles the Skirmisher (Demonspawn Abyssal Knight)   Turns: 1656, Time: 00:06:33

Health: -1/29      AC:  7    Str: 13    XL:     3   Next: 33%
Magic:  4/4        EV: 10    Int: 13    God:    Lugonu [......]
Gold:   60         SH:  0    Dex: 12    Spells: 2/2 levels left

rFire    . . .     SeeInvis .   a - +1 falchion
rCold    . . .     Gourm    .   (no shield)
rNeg     . . .     Faith    .   l - +0 ring mail
rPois    .         Spirit   .   (no helmet)
rElec    .         Reflect  .   p - scarf {repulsion}
rCorr    .         Harm     .   (no gloves)
MR       .....                  (no boots)
Stlth    +.........             (no amulet)
HPRegen  0.09/turn              (no ring)
MPRegen  0.09/turn              (no ring)

@: repel missiles
A: iridescent scales 1, spiny 1
a: Renounce Religion


You were on level 2 of the Dungeon.
You worshipped Lugonu.
Lugonu was noncommittal.
You were not hungry.

You visited 1 branch of the dungeon, and saw 2 of its levels.
You visited the Abyss 1 time.

You collected 60 gold pieces.

Inventory:

Hand Weapons
 a - a +1 falchion (weapon)
 q - a +0 hunting sling
Missiles
 i - 11 stones (quivered)
 r - 15 bolts
Armour
 b - a +0 leather armour
 l - a +0 ring mail (worn)
 p - a scarf of repulsion (worn)
Scrolls
 e - a scroll of fog {unknown}
 g - 2 scrolls of remove curse {unknown}
 m - a scroll of identify {unknown}
 o - a scroll of teleportation {unknown}
Potions
 h - 2 potions of flight {unknown}
 j - a potion of lignification {unknown}
 k - a potion of curing {unknown}
 n - a potion of mutation {unknown}
Comestibles
 c - 2 rations


   Skills:
 + Level 3.6 Fighting
 + Level 2.2 Long Blades
 + Level 0.3 Throwing
 + Level 2.1 Armour
 + Level 1.3 Dodging
 + Level 2.5 Invocations


You had 2 spell levels left.
You didn't know any spells.
Your spell library was empty.

Dungeon Overview and Level Annotations

Branches:
Dungeon (2/15)

Altars:


Innate Abilities, Weirdness & Mutations

You are partially covered in iridescent scales. (AC +2)
You are partially covered in sharp spines.


Message History

The goblin is struck by your spines.
You kill the goblin!
Lugonu accepts your kill.
The hound pauses to sniff the ground.
The hound bites you but does no damage. The hound bites you but does no damage.
The hound closely misses you.
You riposte.
You closely miss the hound.
The hound is moderately wounded.
The hound closely misses you.
Found three items.
A rat comes into view.
The hound is struck by your spines. The hound barely misses you.
You riposte.
You barely miss the hound.
The hound is moderately wounded.
Found a stone staircase leading up.
A giant cockroach comes into view.
The giant cockroach is struck by your spines.
The giant cockroach barely misses you. The hound is struck by your spines.
The hound bites you.
You die...

# #. #. ............#
###(#######.....?.....#
#.((...(.#.....%.......
#..((....#.r#.........# #
#(..(((.<..(#....<..... .#..
#....(...#......?.. ..###....
#..((.(.....>.s#.# #.#......#
#...((.......@h..####.)......#
#..(.(.............##..#.##...
###.#####....#................
#. ......##.#.............. #
.....(#.................
..#..........W..........
......###...........#### .....
####..#.##..# #.##..<).#


You could see a phantom, a hound, a giant cockroach and a rat.

Vanquished Creatures
  An adder (D:2)
  2 dart slugs (D:1)
  2 leopard geckos
  2 giant cockroaches
  3 goblins
  A hobgoblin (D:1)
  4 jackals (D:1)
  A ball python (D:1)
  2 frilled lizards
  5 kobolds (D:1)
  2 rats
25 creatures vanquished.

Notes
Turn   | Place    | Note
-------+----------+-------------------------------------------
     0 | Abyss:1  | eccles the Demonspawn Abyssal Knight began the quest for
                  | the Orb.
     0 | Abyss:1  | Reached XP level 1. HP: 18/18 MP: 2/2
    34 | Abyss:1  | Noticed a smoke demon
    36 | Abyss:1  | Noticed a large abomination
    38 | D:1      | Escaped the Abyss
    53 | D:1      | Reached skill level 1 in Dodging
   152 | D:1      | Gained mutation: You are partially covered in iridescent
                  | scales. (AC +2) [demonic ancestry]
   152 | D:1      | Reached XP level 2. HP: 20/24 MP: 3/3
   806 | D:2      | Noticed a phantom
  1388 | D:2      | Gained mutation: You are partially covered in sharp spines.
                  | [demonic ancestry]
  1388 | D:2      | Reached XP level 3. HP: 29/29 MP: 4/4
  1656 | D:2      | Slain by a hound

Levels and vault maps discovered:
D:1:      dpeg_arrival_oval, layout_loops_ring
D:2:      layout_rooms, kennysheep_generic_room_10

Skill      XL: |  1  2 |
---------------+-------+-----
Dodging        | 1 |  1.3
Long Blades    | 2 |  2.2
Armour         | 2 |  2.1
Fighting       | |  3.6
Throwing       | |  0.3
Invocations    | |  2.5

Action                   || total
-------------------------++-------
Melee: Falchion          ||    94
Throw: Stone             ||    26
       Dart              ||     8
Invok: Depart the Abyss  ||     1
  Eat: Ration            ||     1
Armor: Leather armour    ||    11
       Ring mail         ||    25
Dodge: Dodged            ||    56
       Rpst.: Falchion   ||    15
